Map: Orbital Shipyard

Players

GGYouMake - Winner!

  • Race: Zerg Zerg

Bop

  • Race: Zerg Zerg

VOD

Have the link to the VOD?

Description

Time

  • Played on: April 30, 2015, 11:11 p.m.
  • Length: 5:04
Show
View Real Time Build Order
Export as new Build Order

GGYouMake Zerg - Winner!

Build Orders: Hatch First 

Get SALT Encoding   

  12  0:02  Drone  
  13  0:08  Drone  
  14  0:17  Overlord  
  14  0:22  Extractor  
  14  0:23  Drone  
  15  0:35  Drone  
  16  0:36  Drone  
  17  0:47  Drone  
  18  0:58  Hatchery  
  17  1:10  Spawning Pool  
  16  1:16  Drone x2  
  18  1:20  Extractor  
  18  1:25  Drone  
  18  1:33  Drone  
  18  1:38  Overlord  
  19  1:57  Queen  
  19  1:59  Drone  
  22  2:10  Queen  
  22  2:11  Overlord  
  22  2:12  Drone x2  
  26  2:21  Metabolic Boost  
  26  2:22  Drone x2  
  28  2:33  Zergling x4  
  30  3:02  Zergling x2  
  30  3:03  Zergling x6  
  30  3:04  Overlord  
  30  3:05  Drone  
  35  3:08  Drone  
  36  3:23  Zergling x8  
  39  3:28  Zergling x2  
  39  3:33  Zergling x6  
  43  3:35  Zergling x2  
  43  3:37  Overlord x2  
  43  3:38  Overlord  
  44  3:53  Roach Warren, Zergling x2  
  44  3:56  Zergling x4  
  44  3:57  Zergling x4  
  44  4:02  Zergling x2  
  49  4:09  Zergling x8  
  53  4:11  Zergling x8  
  53  4:14  Zergling x2  
  51  4:26  Zergling x4  
  52  4:34  Drone x2  
  54  4:48  Drone  
  54  4:49  Drone  
  56  4:54  Hatchery  
Show
View Real Time Build Order
Export as new Build Order

Bop Zerg 

Build Orders: Pool First, Ravager All-In 

Get SALT Encoding   

  12  0:01  Drone  
  13  0:10  Drone  
  14  0:33  Spawning Pool  
  14  0:35  Drone  
  14  0:37  Drone, Extractor  
  14  0:44  Overlord  
  14  0:52  Extractor  
  14  0:53  Drone  
  15  1:09  Drone x2  
  17  1:16  Extractor  
  16  1:20  Roach Warren  
  16  1:23  Drone  
  16  1:29  Queen  
  18  1:35  Drone  
  19  1:42  Overlord  
  19  1:50  Drone  
  20  2:01  Roach  
  22  2:15  Roach  
  25  2:23  Ravager  
  25  2:24  Roach  
  27  2:33  Overlord  
  27  2:38  Ravager  
  27  2:40  Roach  
  30  2:54  Ravager  
  30  2:55  Roach x3  
  37  3:13  Drone  
  37  3:18  Hatchery  
  37  3:21  Overlord  
  37  3:43  Ravager  
  38  3:57  Ravager x3  
  38  3:59  Drone x3  
  38  4:00  Drone x2  
  34  4:23  Roach  
  34  4:24  Roach  
  31  4:33  Roach  
  33  4:44  Ravager x2  
Tags
 
Add a new tag
Caveats
  • Supply blocks, unpowered buildings, or Contaminate may cause inaccurate times.
  • Supply counts are checked every 10 seconds.